[Event "Titled Tuesday Blitz August 15 Late 2023"]
[White "Bongo Akanga Ndjila, Barthelemy"]
[Black "only_strong_moves"]
[WhiteFideId "10609431"]
[WhiteElo "2037"]
[BlackElo "2507"]
[Result "0-1"]
[Round "1"]
[TimeControl "180+1"]
[Date "2023.08.15"]
[WhiteClock "0:00:00"]
[BlackClock "0:00:57"]
[Board "179"]

1. d4 d5 2. c4 Nf6 3. cxd5 Nxd5 4. e4 Nb6 5. Nc3 g6 6. a4 Bg7 7. a5 N6d7 8. Nf3 O-O 9. Bc4 c5 10. d5 a6 11. Bf4 b5 12. Bb3 c4 13. Bc2 Nc5 14. O-O Nb7 15. e5 Nxa5 16. d6 exd6 17. exd6 Bb7 18. Be4 Bxe4 19. Nxe4 Nd7 20. Qc2 Nb3 21. Rad1 Qb6 22. Neg5 a5 23. h4 a4 24. h5 a3 25. bxa3 Rxa3 26. hxg6 hxg6 27. Rfe1 Nd4 28. Nxd4 Bxd4 29. Nxf7 Bxf2+ 30. Qxf2 Qxf2+ 31. Kxf2 Rxf7 32. g3 g5 33. Re7 gxf4 34. Rxf7 Kxf7 35. gxf4 b4 36. Re1 c3 37. Re7+ Kf6 38. Rxd7 c2 39. Rc7 Ra2 40. Kf3 Ra3+ 41. Ke4 Rc3 42. d7 Ke7 43. d8=Q+ Kxd8 44. Rxc3 bxc3 45. Kd3 c1=Q 0-1


[Site "https://www.chess.com"]

[Event "Titled Tuesday Blitz August 15 Late 2023"]
[White "FromTexas54"]
[Black "Burke, Paul"]
[BlackFideId "2605767"]
[WhiteElo "2506"]
[BlackElo "1846"]
[Result "1-0"]
[Round "1"]
[TimeControl "180+1"]
[Date "2023.08.15"]
[WhiteClock "0:00:08"]
[BlackClock "0:00:00"]
[Board "180"]

1. Nf3 a6 2. g3 d6 3. Bg2 g6 4. O-O h6 5. d4 Bg7 6. c4 Nd7 7. Nc3 e5 8. e4 Ne7 9. Be3 O-O 10. h3 f5 11. exf5 gxf5 12. Qd2 Kh7 13. Rad1 e4 14. Nh4 Nf6 15. d5 Bd7 16. Ne2 Qe8 17. Nd4 Nh5 18. Rfe1 Ng6 19. Nxg6 Qxg6 20. Ne2 Rae8 21. b4 f4 22. Nxf4 Nxf4 23. Bxf4 Be5 24. Bxe4 Bf5 25. Bxf5 Qxf5 26. Bxe5 dxe5 27. h4 e4 28. Re3 Rg8 29. Rde1 Rg4 30. Qe2 Qg6 31. Kh2 Qf5 32. Qf1 Qe5 33. f4 Qh5 34. Qh3 Qg6 35. Qg2 h5 36. Rxe4 Rxe4 37. Qxe4 Rxg3 38. Qxg6+ Rxg6 39. Re7+ Kh6 40. Rxc7 Rg4 41. Rxb7 Rxf4 42. d6 Rxh4+ 43. Kg3 Rxc4 44. d7 Rd4 45. a4 Kg5 46. Kf2 Kg4 47. Ke3 Rd1 48. Rb6 Rxd7 49. Rxa6 h4 50. Rg6+ Kh5 51. Rg8 Re7+ 52. Kd4 Rf7 53. a5 h3 54. a6 Rf4+ 55. Kc5 Rf5+ 56. Kb6 Rf6+ 57. Ka5 Rf7 58. Rh8+ Kg4 59. b5 Kg3 60. b6 Rf5+ 61. Kb4 Rf4+ 62. Kc5 Rf5+ 63. Kd4 Rf4+ 64. Ke5 Rb4 65. a7 Rxb6 66. a8=Q Rb5+ 67. Kd4 Rb4+ 68. Kc3 Rg4 69. Qh1 1-0


[Site "https://www.chess.com"]

[Event "Titled Tuesday Blitz August 15 Late 2023"]
[White "cthake"]
[Black "Martin Barcelo, Carles"]
[BlackFideId "24561444"]
[WhiteElo "1819"]
[BlackElo "2505"]
[Result "1/2-1/2"]
[Round "1"]
[TimeControl "180+1"]
[Date "2023.08.15"]
[WhiteClock "0:00:25"]
[BlackClock "0:00:05"]
[Board "181"]

1. c4 b6 2. Nc3 Bb7 3. d4 g6 4. e4 Bg7 5. Be3 Nc6 6. f3 e5 7. d5 Nd4 8. Nge2 Nxe2 9. Bxe2 Bh6 10. Bxh6 Nxh6 11. Qd2 Qh4+ 12. g3 Qh3 13. Bf1 Qh5 14. Bg2 a6 15. O-O O-O 16. b4 Kg7 17. c5 d6 18. cxd6 cxd6 19. Rac1 Rac8 20. Na4 b5 21. Nb2 Ng8 22. f4 Qh6 23. Nd3 Nf6 24. h3 Nd7 25. Rxc8 Rxc8 26. Rc1 exf4 27. Rxc8 Bxc8 28. Qxf4 Qxf4 29. gxf4 f6 30. Kf2 h6 31. Ke3 g5 32. fxg5 hxg5 33. Bf3 Ne5 34. Nxe5 fxe5 35. Bg4 Bb7 36. Kd3 Kf6 37. a3 Ke7 38. Ke3 Kd8 39. Kf3 Ke7 40. Kg3 Kf6 41. Kf3 Kg6 42. Kg3 Kg7 43. Kf3 Kf7 44. Kg3 Ke7 45. Kf3 Kf6 46. Kg3 Kg6 47. Kf3 Kh6 48. Kg3 Kh7 49. Kf3 Kg8 50. Bf5 Kg7 51. Kg4 Kf6 52. Bd7 Kg6 53. Bf5+ Kf6 54. Bd7 Kg6 55. Bf5+ Kf6 1/2-1/2


[Site "https://www.chess.com"]

[Event "Titled Tuesday Blitz August 15 Late 2023"]
[White "Willy, Stephen"]
[Black "Delorme, Laurie"]
[WhiteFideId "30981468"]
[BlackFideId "630829"]
[WhiteElo "2505"]
[BlackElo "1797"]
[Result "0-1"]
[Round "1"]
[TimeControl "180+1"]
[Date "2023.08.15"]
[WhiteClock "0:00:06"]
[BlackClock "0:00:37"]
[Board "182"]

1. e4 c5 2. c3 d5 3. exd5 Qxd5 4. d4 Nc6 5. Nf3 cxd4 6. cxd4 e6 7. Nc3 Qd6 8. Nb5 Qb8 9. g3 Bd6 10. Bg2 Nf6 11. O-O O-O 12. Nxd6 Qxd6 13. Bf4 Qb4 14. Qe2 Nxd4 15. Nxd4 Qxd4 16. Rfd1 Qb6 17. Rac1 Bd7 18. Be5 Nd5 19. Qg4 f6 20. Rxd5 exd5 21. Qxd7 fxe5 22. Bxd5+ Kh8 23. Rc2 Rad8 24. Qxb7 Qd4 25. Be4 Rd7 26. Qc6 Rdf7 27. h3 Rxf2 28. Rc4 Rf1+ 29. Kg2 Qg1# 0-1


[Site "https://www.chess.com"]

[Event "Titled Tuesday Blitz August 15 Late 2023"]
[White "Nakamura, Hikaru"]
[Black "Di Nicolantonio, Lucas"]
[WhiteFideId "2016192"]
[BlackFideId "680460"]
[WhiteElo "3231"]
[BlackElo "2624"]
[Result "1/2-1/2"]
[Round "2"]
[TimeControl "180+1"]
[Date "2023.08.15"]
[WhiteClock "0:00:02"]
[BlackClock "0:00:27"]
[Board "1"]

1. b3 e5 2. Bb2 Nc6 3. e3 d5 4. Nf3 e4 5. Nd4 Nxd4 6. Bxd4 Nf6 7. Be2 Bd6 8. O-O O-O 9. d3 Re8 10. Nd2 exd3 11. cxd3 c5 12. Bb2 b6 13. d4 Bb7 14. dxc5 bxc5 15. Bf3 Qe7 16. Rc1 Rad8 17. Re1 h6 18. g3 Ne4 19. Bg2 Be5 20. Bxe5 Qxe5 21. Nxe4 dxe4 22. Qc2 Rd5 23. Red1 Rxd1+ 24. Rxd1 Ba6 25. Rc1 Bd3 26. Qc3 Qxc3 27. Rxc3 Re5 28. Bf1 Rd5 29. Rc1 Kf8 30. Bxd3 exd3 31. e4 Rd4 32. f3 d2 33. Rd1 Ke7 34. Kf2 c4 35. bxc4 Rxc4 36. Rxd2 Ra4 37. h4 Ra3 38. h5 a5 39. g4 Ke6 40. Kg3 Ke7 41. Kf4 Ke6 42. Rb2 a4 43. Rc2 Ke7 44. Rg2 Ke6 45. g5 hxg5+ 46. Rxg5 Rxa2 47. Rxg7 Rh2 48. Rg5 a3 49. Ra5 a2 50. Kg4 Kf6 51. f4 Kg7 52. Ra6 Rg2+ 53. Kh3 Re2 54. e5 Rf2 55. h6+ Kh7 56. Kg4 Rg2+ 57. Kf5 Rg6 58. Rxa2 Kxh6 59. Ke4 Kg7 60. Ra7 Rb6 61. f5 Rb4+ 62. Kd5 Rb5+ 63. Kd6 Rb6+ 64. Kc5 Rb8 65. e6 Rf8 66. Kd6 Kf6 67. Rd7 fxe6 68. fxe6 Ra8 69. Rf7+ Kg6 70. Rd7 Kf6 71. Rf7+ Kg6 72. Rf4 Ra6+ 73. Kd7 Ra7+ 74. Kd8 Ra8+ 75. Kc7 Ra7+ 76. Kc6 Ra6+ 77. Kd7 Ra7+ 78. Kd6 Ra6+ 79. Ke7 Ra7+ 80. Kd8 Ra8+ 81. Kc7 Ra7+ 82. Kb6 Re7 83. Kc6 Rxe6+ 84. Kd7 Rf6 85. Rb4 Rf5 86. Ke7 Rf2 87. Rb1 Re2+ 88. Kf8 Rf2+ 89. Kg8 Rg2 90. Rb6+ Kg5 91. Kf7 Rg4 92. Rb5+ Kf4 93. Kf6 Kf3 94. Rb2 Rf4+ 95. Kg5 Rg4+ 96. Kh5 Re4 97. Ra2 Re3 98. Kg5 Re5+ 99. Kh4 Re4+ 100. Kh3 Kf4 101. Ra1 Ke5 102. Kg3 Kd5 103. Kf3 Rd4 104. Ke3 Re4+ 105. Kd3 Rd4+ 106. Ke2 Re4+ 107. Kf3 Rd4 108. Ra8 Rd3+ 109. Ke2 Rd4 110. Kf3 Rd3+ 111. Kf4 Rd4+ 112. Kf5 Kc4 113. Ke6 Kd3 114. Kf5 Rd5+ 115. Kf4 Rd4+ 116. Kf3 Kc4 117. Rb8 Kd5 118. Re8 Kc5 119. Ke3 Rd5 120. Ke4 Rd4+ 121. Ke5 Rd5+ 122. Ke6 Rd4 123. Ke7 Rd5 124. Ra8 Re5+ 125. Kd7 Rd5+ 126. Kc7 Kd4 127. Ra3 Ke5 128. Rh3 Rd4 129. Kc6 Rc4+ 130. Kd7 Rd4+ 131. Ke7 Kd5 132. Rh5+ Kc4 133. Re5 Rd5 1/2-1/2


[Site "https://www.chess.com"]

[Event "Titled Tuesday Blitz August 15 Late 2023"]
[White "Papayan, Oleg"]
[Black "Naroditsky, Daniel"]
[WhiteFideId "4193911"]
[BlackFideId "2026961"]
[WhiteElo "2621"]
[BlackElo "3167"]
[Result "1/2-1/2"]
[Round "2"]
[TimeControl "180+1"]
[Date "2023.08.15"]
[WhiteClock "0:01:10"]
[BlackClock "0:02:19"]
[Board "2"]

1. e4 Nf6 2. e5 Nd5 3. c4 Nb6 4. d4 d6 5. f4 dxe5 6. fxe5 Bf5 7. Nc3 e6 8. Nf3 Bb4 9. Bd3 Bxd3 10. Qxd3 c5 11. Bg5 Qd7 12. O-O cxd4 13. Ne4 Na6 14. Bf6 Nc5 15. Nxc5 Bxc5 16. Bxg7 Rg8 17. Bf6 1/2-1/2


[Site "https://www.chess.com"]

[Event "Titled Tuesday Blitz August 15 Late 2023"]
[White "Firouzja, Alireza"]
[Black "Mendez Fortes, Eduardo Jesus"]
[WhiteFideId "12573981"]
[BlackFideId "3502376"]
[WhiteElo "3121"]
[BlackElo "2619"]
[Result "1-0"]
[Round "2"]
[TimeControl "180+1"]
[Date "2023.08.15"]
[WhiteClock "0:02:24"]
[BlackClock "0:01:42"]
[Board "3"]

1. e4 c5 2. Nf3 d6 3. d4 cxd4 4. Nxd4 Nf6 5. Nc3 a6 6. Bg5 Nbd7 7. Qd2 e6 8. O-O-O Be7 9. f3 O-O 10. h4 Qc7 11. h5 b5 12. h6 g6 13. Kb1 Rb8 14. Rh4 Ne5 15. Qf4 Nh5 16. Rxh5 gxh5 17. Bxe7 Qxe7 18. Nc6 Qc7 19. Qf6 1-0


[Site "https://www.chess.com"]

[Event "Titled Tuesday Blitz August 15 Late 2023"]
[White "Sydoryka, Vladyslav"]
[Black "Vachier-Lagrave, Maxime"]
[WhiteFideId "14145928"]
[BlackFideId "623539"]
[WhiteElo "2615"]
[BlackElo "3120"]
[Result "0-1"]
[Round "2"]
[TimeControl "180+1"]
[Date "2023.08.15"]
[WhiteClock "0:01:08"]
[BlackClock "0:02:00"]
[Board "4"]

1. c4 e5 2. g3 Nf6 3. Bg2 c6 4. Nf3 e4 5. Nd4 d5 6. d3 Bc5 7. Nb3 Bb4+ 8. Bd2 Bxd2+ 9. Qxd2 dxc4 10. dxc4 Qe7 11. O-O O-O 12. Nc3 Bf5 13. Rad1 Nbd7 14. f3 Ne5 15. Qf4 Bg6 16. Nd2 exf3 17. exf3 Nd3 18. Qh4 Qe3+ 19. Kh1 Nxb2 0-1


[Site "https://www.chess.com"]

[Event "Titled Tuesday Blitz August 15 Late 2023"]
[White "Fedoseev, Vladimir"]
[Black "Caspi, Israel"]
[WhiteFideId "24130737"]
[BlackFideId "2807394"]
[WhiteElo "3118"]
[BlackElo "2613"]
[Result "1-0"]
[Round "2"]
[TimeControl "180+1"]
[Date "2023.08.15"]
[WhiteClock "0:01:53"]
[BlackClock "0:01:00"]
[Board "5"]

1. b3 e5 2. Bb2 Nc6 3. e3 d5 4. Bb5 Bd6 5. Nf3 Qe7 6. c4 dxc4 7. bxc4 Nf6 8. c5 Bxc5 9. Nxe5 O-O 10. Bxc6 bxc6 11. O-O Bd6 12. Nxc6 Qe4 13. Bxf6 Qxc6 14. Bd4 Bb7 15. Qg4 f6 16. Nc3 Rae8 17. Rac1 Ba3 18. Rb1 Ba8 19. Nb5 Re4 20. Qg3 Be7 21. f3 Re6 22. Qxc7 a6 23. Rfc1 axb5 24. Rxc6 Bxc6 25. Rc1 Be8 26. Bc5 Rf7 27. Qc8 Bxc5 28. Qxe6 1-0


[Site "https://www.chess.com"]

[Event "Titled Tuesday Blitz August 15 Late 2023"]
[White "Principe, Alexander"]
[Black "Bortnyk, Olexandr"]
[WhiteFideId "3804542"]
[BlackFideId "14120828"]
[WhiteElo "2610"]
[BlackElo "3087"]
[Result "0-1"]
[Round "2"]
[TimeControl "180+1"]
[Date "2023.08.15"]
[WhiteClock "0:00:00"]
[BlackClock "0:00:07"]
[Board "6"]

1. e4 Nf6 2. Nc3 d5 3. e5 Nfd7 4. f4 d4 5. Ne4 f5 6. Ng3 Nb6 7. Nf3 c5 8. a4 a5 9. b3 Nc6 10. Ba3 e6 11. Bb5 Nd5 12. Ne2 Be7 13. O-O O-O 14. Qe1 Bd7 15. Qg3 Ncb4 16. Bxb4 axb4 17. Bd3 Bc6 18. Ng5 Qd7 19. h4 h6 20. Nf3 Qe8 21. Qh3 Qh5 22. g3 Ne3 23. dxe3 Bxf3 24. Rfe1 dxe3 25. Nc1 c4 26. bxc4 g5 27. Rxe3 Bc5 28. Kf2 Rfd8 29. Nb3 Bxe3+ 30. Kxe3 g4 31. Qf1 Qe8 32. Qe1 Rxa4 33. Rb1 Qc6 34. Kf2 Ra2 35. Qe3 Be4 36. Nc1 Bxd3 37. Nxa2 Bxc4 38. Nxb4 Qa4 39. Qc3 Qa7+ 0-1


[Site "https://www.chess.com"]

[Event "Titled Tuesday Blitz August 15 Late 2023"]
[White "Altman, Joshua"]
[Black "Aronian, Levon"]
[WhiteFideId "426210"]
[BlackFideId "13300474"]
[WhiteElo "2603"]
[BlackElo "3075"]
[Result "0-1"]
[Round "2"]
[TimeControl "180+1"]
[Date "2023.08.15"]
[WhiteClock "0:00:11"]
[BlackClock "0:00:05"]
[Board "7"]

1. d4 Nf6 2. c4 g6 3. Nc3 Bg7 4. Nf3 O-O 5. Bg5 c5 6. e3 cxd4 7. Nxd4 Qa5 8. Bxf6 Bxf6 9. Qd2 Nc6 10. Nd5 Qxd2+ 11. Kxd2 Bxd4 12. exd4 e6 13. Nc7 Rb8 14. d5 Ne7 15. Bd3 a6 16. b4 b6 17. d6 Nc6 18. a3 Bb7 19. c5 bxc5 20. bxc5 Nd4 21. Kc3 e5 22. f3 Rfc8 23. Rab1 Ne6 24. Nxe6 fxe6 25. Kd2 Kf7 26. Rhc1 Kf6 27. Rb6 Bc6 28. Bxa6 Rf8 29. Rcb1 Ra8 30. R1b3 e4 31. Bb7 Bxb7 32. Rxb7 Ra5 33. Rc3 Rd8 34. fxe4 Ke5 35. Ke3 g5 36. g4 Ra4 37. Rb4 Rda8 38. Rxa4 Rxa4 39. c6 Rxe4+ 40. Kf3 Rf4+ 41. Kg3 dxc6 42. Rd3 Rf8 43. d7 Rd8 44. a4 c5 45. a5 c4 46. Rd1 c3 47. a6 c2 48. Rc1 Rxd7 49. Rxc2 Rd3+ 50. Kg2 Ra3 51. Rc6 Kd5 52. Rb6 e5 53. Rb5+ Kd4 54. Rb4+ Ke3 55. Rb6 Kf4 56. h3 Ra2+ 57. Kf1 e4 58. Re6 Kf3 59. Rf6+ Kg3 60. Re6 Kxh3 61. Rxe4 Rxa6 62. Kf2 Ra2+ 63. Kf3 Ra3+ 64. Kf2 Ra6 65. Re7 Rf6+ 66. Kg1 h6 67. Re4 Kg3 68. Ra4 Re6 69. Rb4 Re1# 0-1


[Site "https://www.chess.com"]

[Event "Titled Tuesday Blitz August 15 Late 2023"]
[White "Duda, Jan-Krzysztof"]
[Black "Ibadov, Dashgyn"]
[WhiteFideId "1170546"]
[BlackFideId "24107514"]
[WhiteElo "3050"]
[BlackElo "2602"]
[Result "1-0"]
[Round "2"]
[TimeControl "180+1"]
[Date "2023.08.15"]
[WhiteClock "0:01:26"]
[BlackClock "0:00:00"]
[Board "8"]

1. Nf3 d5 2. g3 Nd7 3. d4 Nb6 4. Bg2 Bf5 5. Nh4 Bg4 6. h3 Bd7 7. Nc3 Nf6 8. O-O e6 9. e4 dxe4 10. Nxe4 Nxe4 11. Bxe4 Bc6 12. Bxc6+ bxc6 13. Qg4 g6 14. Bg5 Be7 15. Bxe7 Qxe7 16. Nf3 O-O 17. h4 c5 18. Qg5 Qxg5 19. hxg5 cxd4 20. Nxd4 Rfd8 21. Nf3 Rd5 22. b3 Rad8 23. Kg2 c5 24. c4 Rd3 25. Rh1 Rc3 26. Rad1 Rxd1 27. Rxd1 Kf8 28. Ne5 Rc2 29. Rd8+ Kg7 30. Ng4 f5 31. Nh6 1-0


[Site "https://www.chess.com"]

[Event "Titled Tuesday Blitz August 15 Late 2023"]
[White "Hansen, Torbjorn Ringdal"]
[Black "Shimanov, Aleksandr"]
[WhiteFideId "1501720"]
[BlackFideId "4198603"]
[WhiteElo "2601"]
[BlackElo "3047"]
[Result "1-0"]
[Round "2"]
[TimeControl "180+1"]
[Date "2023.08.15"]
[WhiteClock "0:00:25"]
[BlackClock "0:00:55"]
[Board "9"]

1. e4 e6 2. d4 d5 3. Nd2 c5 4. exd5 Qxd5 5. Ngf3 cxd4 6. Bc4 Qd6 7. O-O Nf6 8. Nb3 Nc6 9. Nbxd4 Nxd4 10. Nxd4 Be7 11. c3 O-O 12. Qf3 Qc7 13. Bb3 a5 14. Bf4 Qb6 15. Rab1 Bd7 16. Rfe1 Rfe8 17. Bc2 a4 18. Be5 Bc6 19. Qh3 g6 20. Nxc6 bxc6 21. Qf3 Nd5 22. g3 Rad8 23. h4 a3 24. h5 axb2 25. hxg6 hxg6 26. Kg2 Bf8 27. c4 Bg7 28. cxd5 Rxd5 29. Rxb2 Qa5 30. Bxg7 Kxg7 31. Rh1 Rd2 32. Rb7 Rf8 33. Qf4 Qd5+ 34. Be4 Qd4 35. Bxc6 Qxf4 36. gxf4 Rxa2 37. Rd1 Rc2 38. Bf3 Rc4 39. Kg3 Rc3 40. Rdd7 Kf6 41. Rdc7 Ra3 42. Kg4 Rd3 43. Bc6 Rdd8 44. f3 Ra8 45. Ra7 Rab8 46. Rab7 Rbd8 47. Rd7 Rc8 48. Rbc7 Rb8 49. Rb7 Rbc8 50. Rdc7 Rcd8 51. Kg3 Ra8 52. Rxf7+ 1-0


[Site "https://www.chess.com"]

[Event "Titled Tuesday Blitz August 15 Late 2023"]
[White "Grischuk, Alexander"]
[Black "Isajevsky, Anton"]
[WhiteFideId "4126025"]
[BlackFideId "4142500"]
[WhiteElo "3046"]
[BlackElo "2598"]
[Result "1-0"]
[Round "2"]
[TimeControl "180+1"]
[Date "2023.08.15"]
[WhiteClock "0:00:31"]
[BlackClock "0:00:00"]
[Board "10"]

1. Nf3 d5 2. g3 Nf6 3. Bg2 e6 4. O-O Be7 5. c4 O-O 6. d3 b6 7. cxd5 exd5 8. d4 Bb7 9. Nc3 Ne4 10. Bf4 Nxc3 11. bxc3 Nc6 12. Nd2 Na5 13. e4 c5 14. e5 cxd4 15. cxd4 Qd7 16. Re1 Rac8 17. Qh5 Rc6 18. Nf1 Nc4 19. Ne3 Nxe3 20. Bxe3 Rc4 21. Bf1 b5 22. Bd3 g6 23. Qe2 Rfc8 24. Rad1 a5 25. Rf1 b4 26. f4 Ba6 27. f5 Rc2 28. Rd2 Bxd3 29. Qxd3 Rxd2 30. Bxd2 Qc6 31. e6 Qc2 32. exf7+ Kg7 33. f6+ Bxf6 34. Qxc2 1-0


[Site "https://www.chess.com"]

[Event "Titled Tuesday Blitz August 15 Late 2023"]
[White "Yang, Cayden"]
[Black "Dubov, Daniil"]
[WhiteFideId "30967260"]
[BlackFideId "24126055"]
[WhiteElo "2596"]
[BlackElo "3041"]
[Result "0-1"]
[Round "2"]
[TimeControl "180+1"]
[Date "2023.08.15"]
[WhiteClock "0:00:18"]
[BlackClock "0:01:59"]
[Board "11"]

1. e4 c5 2. Nf3 Nc6 3. Bb5 e6 4. O-O Nge7 5. c3 a6 6. Ba4 b5 7. Bc2 c4 8. a4 Rb8 9. b3 Ng6 10. axb5 axb5 11. bxc4 bxc4 12. Na3 Nce5 13. Nxe5 Nxe5 14. f4 Bc5+ 15. Kh1 Nd3 16. Qh5 d5 17. exd5 Qxd5 18. Ba4+ Ke7 19. Qe2 Bb7 20. Bb5 Nxc1 21. Rfxc1 Bxa3 22. Bxc4 Qxg2+ 23. Qxg2 Bxg2+ 24. Kxg2 Bxc1 25. Rxc1 Rb2 26. Rd1 Rd8 27. Bd3 Rxd3 0-1


[Site "https://www.chess.com"]

[Event "Titled Tuesday Blitz August 15 Late 2023"]
[White "Bluebaum, Matthias"]
[Black "Krishnan, Varun"]
[WhiteFideId "24651516"]
[BlackFideId "5054508"]
[WhiteElo "3030"]
[BlackElo "2595"]
[Result "1-0"]
[Round "2"]
[TimeControl "180+1"]
[Date "2023.08.15"]
[WhiteClock "0:02:01"]
[BlackClock "0:00:18"]
[Board "12"]

1. d4 d5 2. c4 e6 3. Nc3 Be7 4. cxd5 exd5 5. Bf4 Nf6 6. e3 Bf5 7. f3 O-O 8. g4 Bg6 9. h4 h5 10. g5 Ne8 11. Bd3 Bxd3 12. Qxd3 g6 13. Nge2 c6 14. O-O-O b5 15. e4 b4 16. Na4 Nd7 17. Kb1 Nd6 18. Ng3 Nb5 19. exd5 Qa5 20. dxc6 Nb6 21. Nc5 Nd5 22. Bd2 Bxc5 23. dxc5 Rfd8 24. Qc4 Rab8 25. Ka1 Qc7 26. Ne4 Qxc6 27. Bc1 a5 28. Rxd5 Rxd5 29. Qxd5 Kg7 30. Qxc6 1-0


[Site "https://www.chess.com"]

[Event "Titled Tuesday Blitz August 15 Late 2023"]
[White "luksona14"]
[Black "Kollars, Dmitrij"]
[BlackFideId "12909572"]
[WhiteElo "2589"]
[BlackElo "3024"]
[Result "0-1"]
[Round "2"]
[TimeControl "180+1"]
[Date "2023.08.15"]
[WhiteClock "0:00:08"]
[BlackClock "0:00:14"]
[Board "13"]

1. d4 Nf6 2. c4 e6 3. Nf3 b6 4. g3 Bb7 5. Bg2 Be7 6. O-O O-O 7. Nc3 Ne4 8. Qc2 Nxc3 9. Qxc3 Be4 10. b4 d6 11. Bb2 Nd7 12. Ne1 Bxg2 13. Nxg2 e5 14. d5 a5 15. a3 f5 16. f4 Bf6 17. Qc2 e4 18. Ne3 g6 19. h4 Bxb2 20. Qxb2 Qf6 21. Qxf6 Nxf6 22. Kf2 Ra7 23. b5 Kf7 24. a4 Raa8 25. Ra2 Ke7 26. Rh1 Rf7 27. Raa1 Rg8 28. Rag1 Nd7 29. Ra1 h6 30. Nc2 Nc5 31. Nd4 Kf6 32. Ke3 Rfg7 33. Kf2 g5 34. hxg5+ hxg5 35. Rh6+ Rg6 36. fxg5+ Kxg5 37. Rh4 Kf6 38. Rf4 e3+ 39. Kxe3 Rxg3+ 40. Rf3 R8g4 41. Rxg3 Rxg3+ 42. Nf3 Rg4 43. Nd2 Rh4 44. Ra2 f4+ 45. Kf3 Kf5 46. Ra1 Rh3+ 47. Kf2 Rc3 48. Rh1 Rc2 49. Nf3 Ne4+ 50. Kg2 Rxe2+ 51. Kh3 Nf2+ 52. Kg2 Nxh1+ 53. Kxh1 Ra2 54. Nd4+ Ke4 55. Ne6 f3 56. Nxc7 Ra1+ 57. Kh2 f2 0-1


[Site "https://www.chess.com"]

[Event "Titled Tuesday Blitz August 15 Late 2023"]
[White "Martinez Alcantara, Jose Eduardo"]
[Black "Manukyan, Sargis A."]
[WhiteFideId "3805662"]
[BlackFideId "13303970"]
[WhiteElo "3018"]
[BlackElo "2587"]
[Result "1-0"]
[Round "2"]
[TimeControl "180+1"]
[Date "2023.08.15"]
[WhiteClock "0:01:51"]
[BlackClock "0:01:18"]
[Board "14"]

1. e4 c5 2. Nf3 d6 3. c3 Nf6 4. h3 e6 5. Bd3 Nc6 6. Bc2 Be7 7. d4 cxd4 8. cxd4 O-O 9. Nc3 e5 10. d5 Nb8 11. O-O a6 12. Be3 Nbd7 13. a4 b6 14. Nd2 Bb7 15. Re1 Rc8 16. Bd3 Nc5 17. Bf1 Qc7 18. Ra3 Qb8 19. Nc4 Ba8 20. b4 Ncxe4 21. Nxe4 Nxe4 22. Nxb6 Rc3 23. Rxc3 Nxc3 24. Qb3 Ne4 25. Nd7 Qb7 26. Nxf8 Bxf8 27. b5 Nf6 28. Qc4 axb5 29. Qxb5 Qc8 30. Bc4 Nh5 31. a5 f5 32. Be2 Nf6 33. Rc1 Qd8 34. a6 f4 35. Bb6 Qe7 36. Rc7 Qe8 37. Qxe8 Nxe8 38. Rc8 1-0


[Site "https://www.chess.com"]

[Event "Titled Tuesday Blitz August 15 Late 2023"]
[White "Graif, William"]
[Black "Sadhwani, Raunak"]
[WhiteFideId "2609835"]
[BlackFideId "35093487"]
[WhiteElo "2578"]
[BlackElo "3013"]
[Result "0-1"]
[Round "2"]
[TimeControl "180+1"]
[Date "2023.08.15"]
[WhiteClock "0:00:01"]
[BlackClock "0:00:16"]
[Board "15"]

1. e4 g6 2. Nc3 d6 3. Bc4 Bg7 4. d3 Nf6 5. f4 O-O 6. Nf3 c5 7. O-O Nc6 8. Qe1 e6 9. e5 dxe5 10. fxe5 Nd7 11. Bf4 Qc7 12. Ne4 Ncxe5 13. Qg3 Nxf3+ 14. Rxf3 Qc6 15. Raf1 f5 16. Nd6 Nf6 17. Re1 Nh5 18. Qh4 Kh8 19. Nxc8 Raxc8 20. Rxe6 Qd7 21. Be5 Rce8 22. Bxg7+ Qxg7 23. Rfe3 Rxe6 24. Rxe6 Qxb2 25. h3 Qc1+ 26. Kh2 Qf4+ 27. Qxf4 Nxf4 28. Re7 b6 29. g3 Nh5 30. Rxa7 Re8 31. g4 Re2+ 32. Kg1 fxg4 33. hxg4 Nf4 34. Ra8+ Kg7 35. Rb8 Kh6 36. Rxb6 Kg5 37. Rb7 h6 38. Rb5 Kxg4 39. Rxc5 Kg3 40. Kf1 Re3 41. d4 g5 42. Bb3 Ng2 43. d5 Re1# 0-1


[Site "https://www.chess.com"]

[Event "Titled Tuesday Blitz August 15 Late 2023"]
[White "Andreikin, Dmitry"]
[Black "Przybylski, Wojciech"]
[WhiteFideId "4158814"]
[BlackFideId "1117599"]
[WhiteElo "3012"]
[BlackElo "2571"]
[Result "1-0"]
[Round "2"]
[TimeControl "180+1"]
[Date "2023.08.15"]
[WhiteClock "0:00:39"]
[BlackClock "0:00:00"]
[Board "16"]

1. Nf3 Nf6 2. c4 c6 3. Nc3 d5 4. d4 e6 5. Qb3 Nbd7 6. Bf4 Be7 7. e3 O-O 8. Be2 dxc4 9. Qxc4 c5 10. O-O cxd4 11. Qxd4 Nb6 12. Rac1 Qxd4 13. Nxd4 a6 14. Bf3 Nbd5 15. Nxd5 Nxd5 16. Bxd5 exd5 17. Rc7 Bf6 18. Rd1 b6 19. h3 Bd8 20. Rc6 Bb7 21. Rd6 Rc8 22. Rd7 Ba8 23. Nf5 Bc6 24. Rd6 g6 25. Nh6+ Kg7 26. Ng4 Re8 27. Be5+ Kg8 28. Bd4 Bb7 29. Bxb6 Be7 30. Rd7 Bc6 31. Ra7 Rb8 32. Bd4 Bb7 33. Rc1 Rbc8 34. Rxc8 Bxc8 35. Nh6+ Kf8 36. Bc5 Be6 37. Bxe7+ Rxe7 38. Rxa6 f5 39. g4 fxg4 40. hxg4 Kg7 41. g5 Bc8 42. Rd6 Rc7 43. Rxd5 Rc1+ 44. Kh2 Be6 45. Ra5 Rc2 46. Kg3 Rxb2 47. a4 Rb7 48. Ra6 Bd5 49. a5 Bc4 50. Ra8 Rb5 51. Kf4 Rb4 52. Ke5 Rb5+ 53. Kf4 Rb4 54. Kg3 Rb5 55. f4 Rb1 56. a6 Rg1+ 57. Kf2 Rf1+ 58. Kg2 Rg1+ 59. Kxg1 1-0


[Site "https://www.chess.com"]

[Event "Titled Tuesday Blitz August 15 Late 2023"]
[White "Sargsyan, Anna M."]
[Black "Indjic, Aleksandar"]
[WhiteFideId "13308130"]
[BlackFideId "911925"]
[WhiteElo "2570"]
[BlackElo "3002"]
[Result "1/2-1/2"]
[Round "2"]
[TimeControl "180+1"]
[Date "2023.08.15"]
[WhiteClock "0:00:06"]
[BlackClock "0:00:15"]
[Board "17"]

1. e4 d6 2. d4 Nf6 3. Nc3 e5 4. Nf3 Nbd7 5. Bc4 Be7 6. O-O h6 7. h3 c6 8. Be3 Qc7 9. a4 g5 10. dxe5 dxe5 11. Nh2 Nf8 12. Re1 Ng6 13. Nf1 g4 14. hxg4 Bxg4 15. f3 Bd7 16. Qe2 Rg8 17. Bxh6 Bc5+ 18. Be3 Nf4 19. Bxc5 Nxe2+ 20. Rxe2 b6 21. Be3 Nh5 22. Rd1 Be6 23. Bxe6 fxe6 24. g4 Nf4 25. Red2 Ke7 26. a5 Rad8 27. axb6 axb6 28. Na4 Rxd2 29. Rxd2 c5 30. b4 Qc6 31. Nxb6 cxb4 32. Rd7+ Kf6 33. Ng3 Qxc2 34. Rd2 Qc1+ 35. Kf2 Rh8 36. Nd7+ Kg7 37. Nh5+ Nxh5 38. Nxe5 Qc3 39. gxh5 Rxh5 40. Ng4 e5 41. Rd7+ Kg6 42. Rd6+ Kf7 43. Rd5 b3 44. Bd2 Qb2 45. Kg3 Ke6 46. Bb4 Qd4 47. Rxd4 exd4 48. Ba3 d3 49. Ne3 Ra5 50. Bb2 Ra2 51. Bc3 b2 52. Bxb2 Rxb2 53. f4 Rb1 54. Kf2 Rb2+ 55. Kf3 Re2 56. f5+ Kf6 57. Ng4+ Kg5 58. Nf2 Rd2 59. Ke3 Re2+ 60. Kf3 Rd2 61. Ke3 Ra2 62. Nxd3 Kf6 63. Kd4 Ra4+ 64. Ke3 Kg5 65. Kf3 Ra3 66. Ke3 Kg4 67. Kd4 Kg5 68. Ke3 Kf6 69. Kd4 Ra4+ 70. Ke3 Rc4 71. Kf3 Ra4 72. Ke3 1/2-1/2


[Site "https://www.chess.com"]

[Event "Titled Tuesday Blitz August 15 Late 2023"]
[White "Deac, Bogdan-Daniel"]
[Black "Kochiev, Ivan"]
[WhiteFideId "1226380"]
[BlackFideId "2917890"]
[WhiteElo "2990"]
[BlackElo "2567"]
[Result "1-0"]
[Round "2"]
[TimeControl "180+1"]
[Date "2023.08.15"]
[WhiteClock "0:00:04"]
[BlackClock "0:00:01"]
[Board "18"]

1. b3 d5 2. Bb2 Bf5 3. e3 Nf6 4. c4 e6 5. cxd5 exd5 6. Qf3 Bg6 7. Bxf6 gxf6 8. Nh3 Nd7 9. Qxd5 Bd6 10. Qxb7 O-O 11. Nc3 Rb8 12. Qd5 Re8 13. Be2 Nc5 14. Nf4 Bxf4 15. Qxc5 Bd6 16. Qxa7 Bb4 17. a3 Ra8 18. axb4 Rxa7 19. Rxa7 Qd6 20. b5 Rd8 21. Ra2 Qb4 22. Bc4 Bd3 23. Bxd3 Rxd3 24. Ke2 Rd6 25. Rb1 Qg4+ 26. Kf1 Qf5 27. Rc1 Qe6 28. Rb2 Qf5 29. g3 h5 30. h4 Qf3 31. Kg1 f5 32. d4 Rg6 33. Ne2 Rg4 34. Rcc2 Rg7 35. Nf4 f6 36. Kh2 Qe4 37. Rc6 Rf7 38. Rbc2 Qf3 39. Kg1 Kg7 40. Rxc7 Rxc7 41. Rxc7+ Kg8 42. b6 Qd1+ 43. Kg2 Qxb3 44. b7 Qb6 45. Rc8+ 1-0


[Site "https://www.chess.com"]